 Dungeon Crawl Stone Soup version 0.32-a0-85-g672eff3212 (webtiles) character file.

Game seed: 3667282432582842547

21 TentacledManhood the Apothecary (level 2, -2/22 HPs)
             Began as a Naga Alchemist on Feb 6, 2024.
             Frozen to death by an endoplasm (5 damage)
             ... on level 1 of the Dungeon.
             The game lasted 00:01:22 (895 turns).

TentacledManhood the Apothecary (Naga Alchemist)     Turns: 895, Time: 00:01:23

Health: -2/22      AC:  1    Str: 13    XL:     2   Next: 87%
Magic:  1/5        EV:  9    Int: 18    God:
Gold:   18         SH:  0    Dex:  9    Spells: 5/6 levels left

rFire   . . .        (no weapon)
rCold   . . .        (no shield)
rNeg    . . .        a - +0 robe
rPois   +            (no helmet)
rElec   .            (no cloak)
rCorr   .            (no gloves)
SInv    +            (no barding)
Will    .....        (no amulet)
Stlth   ++           (no ring)
HPRegen 0.23/turn    (no ring)
MPRegen 0.09/turn

%: no passive effects
@: studying Dodging, very slow
A: AC +0, large, see invisible, deformed body, poison resistance, slowness 2,
spit poison 1, naga tail 1, clever 1, strong 1
a: Spit Poison


You were on level 1 of the Dungeon.
You visited 1 branch of the dungeon, and saw 1 of its levels.

You collected 18 gold pieces.

Inventory:

Armour
 a - a +0 robe (worn)
Magical Staves
 i - a staff of earth {!a}
Jewellery
 S - a +6 ring of strength
Talismans
 j - a dragon-blood talisman
Scrolls
 c - 2 scrolls of enchant armour {unknown}
 d - 2 scrolls of identify {unknown}
 f - a scroll of revelation {unknown}
 g - 3 scrolls of fog {unknown}
Potions
 b - a potion of magic
 e - a potion of invisibility {unknown}


   Skills:
 - Level 1.5 Dodging
 - Level 3.0 Stealth
 + Level 2.6 Spellcasting
 - Level 1.0 Conjurations
 + Level 4.3 Alchemy


You had 5 spell levels left.
You knew the following spells:

 Your Spells              Type           Power      Damage    Failure   Level
s - Sting                 Conj/Alch      44%        1d5       6%          1

Your spell library contained the following spells:

 Spells                   Type           Power      Damage    Failure   Level
 Mercury Vapours          Alch/Air       20%        N/A       11%         2
 Mephitic Cloud           Conj/Alch/Air  8%         N/A       24%         3
 Olgreb's Toxic Radiance  Alch           17%        N/A       28%         4
 Sticky Flame             Fire/Alch      10%        2d5       56%         4


Dungeon Overview and Level Annotations

Branches:
Dungeon (1/15)

Altars:


Innate Abilities, Weirdness & Mutations

Your serpentine skin is tough. (AC +0)
You have supernaturally acute eyesight. (SInv)
Armour fits poorly on your strangely shaped body.
Your system is resistant to poisons. (rPois)
You cover ground very slowly.
You can spit poison.
You have a snake-like lower body.
Your mind is acute. (Int +4, Str/Dex -1)
Your muscles are strong. (Str +4, Int/Dex -1)


Message History

You miscast Sting.
You are very lightly contaminated with residual magic.
Nothing appears to happen.
The sting hits the frilled lizard.
The frilled lizard is poisoned.
You kill the frilled lizard!
Unknown command.
The sting misses the ball python.
The dart slug launches a dart at you. The slug dart hits you.
You are too injured to fight recklessly!
Unknown command.
You are too injured to fight recklessly!
Casting: Sting (safe; 7% risk of failure)
Confirm with . or Enter, or press ? or * to list all spells.
You don't know that spell.
The ball python bites you.
Aiming: Spit Poison (2% risk of failure)
Press: ? - help, Shift-Dir - straight line, f/p - ball python
Aim: a ball python (54% to hit)
The splash of poison hits the ball python!
The ball python is poisoned.
You kill the ball python!
Casting: Sting (safe; 7% risk of failure)
Confirm with . or Enter, or press ? or * to list all spells.
Aiming: Sting (safe; 7% risk of failure)
Press: ? - help, Shift-Dir - straight line, f - endoplasm
Aim: an endoplasm (97% to hit)
The sting hits the endoplasm.
The endoplasm partially resists.
The endoplasm barely misses you.
Your magical contamination has completely faded away.
You hit the endoplasm. The endoplasm freezes you.
You are frozen.
* * * LOW HITPOINT WARNING * * *
You hit the endoplasm. The endoplasm freezes you.
You are frozen.
* * * LOW HITPOINT WARNING * * *
Unknown command.
You barely miss the endoplasm. The endoplasm freezes you.
You are frozen.
* * * LOW HITPOINT WARNING * * *
Unknown command.
It was a potion of mutation.
You feel extremely strange.
You feel stronger.
You feel clever.
You have got your breath back.
The endoplasm freezes you.
You are frozen.
You die...

.. #....... #.......
... #....... #......
....#...~... #......
...........† #.....#
....##.)..~~ #...w.#
##.####.....~~ ....
#.............
#'###########...~...
#wJ@................
########............
#.#..........
#.#.#.#######
#.#.#... ....
#.#.#########
..#.###......
###.......#..
#####.#.#.#


You could see a dart slug and an endoplasm.

Vanquished Creatures
  3 bats (D:1)
  2 endoplasms (D:1)
  A giant cockroach (D:1)
  3 hobgoblins (D:1)
  3 kobolds (D:1)
  A quokka (D:1)
  2 ball pythons (D:1)
  3 frilled lizards (D:1)
  2 rats (D:1)
20 creatures vanquished.

Notes
Turn   | Place    | Note
-------+----------+-------------------------------------------
     0 | D:1      | TentacledManhood the Naga Alchemist began the quest for the
                  | Orb.
     0 | D:1      | Reached XP level 1. HP: 15/15 MP: 3/3
   267 | D:1      | Reached XP level 2. HP: 22/22 MP: 1/5
   320 | D:1      | Reached skill level 4 in Alchemy
   330 | D:1      | Found a faded altar of an unknown god.
   895 | D:1      | Gained mutation: Your muscles are strong. (Str +4, Int/Dex
                  | -1) [potion of mutation]
   895 | D:1      | Gained mutation: Your mind is acute. (Int +4, Str/Dex -1)
                  | [potion of mutation]
   895 | D:1      | Frozen to death by an endoplasm

Illustrated notes

Levels and vault maps discovered:
D:1:      dpeg_arrival_water_temple_mockup, layout_basic,
          shapermc_ecumenical_altar_ellora, skrybe_limestone_x

Skill      XL: |  1  2 |
---------------+-------+-----
Alchemy        | 4 |  4.3
Dodging        | |  1.5
Stealth        | |  3.0
Spellcasting   | |  2.6
Conjurations   | |  1.0

Action                     || total
---------------------------++-------
  Melee: Unarmed           ||     4
   Cast: Sting             ||    39
Ability: Spit Poison       ||     1
    Use: Potion            ||     1
 Armour: Robe              ||     8
  Dodge: Dodged            ||     8

Table legend: (Time is in decaauts)
 A = Elapsed time spent in this place.
 B = Non-inter-level travel time spent in this place.
 C = Inter-level travel time spent in this place.
 D = Time resting spent in this place.
 E = Time spent auto-exploring this place.
 F = Levels seen in this place.
 G = Mean time per level.
                   A        B        C        D        E       F      G
               +--------+--------+--------+--------+--------+-----+--------+
         Total |   1061 |   1022 |     39 |      0 |    898 |   1 | 1061.0 |
       Dungeon |   1061 |   1022 |     39 |      0 |    898 |   1 | 1061.0 |
               +--------+--------+--------+--------+--------+-----+--------+

Top non-repeatable levels by time:
     D:1: 1061 daAuts
